cohdb
Replays
Latest Replays
All Replays
Popular Replays
Top Player Replays
Match Explorer
How It Works
Community
CoH3 Stats
Reddit
Sign in to upload your games and track your stats! →
Sign in with Steam
Match 42800367
Unlisted
Match 42800367
Overview
Messages
Build Orders
End
Kettenkrad Recon Vehicle
Construct Infanterie Kompanie
Selects Breakthrough Battlegroup
MG 42 Machine Gun Team
GrW 34 Mortar Team
Grenadier Squad
Selects Assault Grenadiers
Grenadier Squad
Infanterie Officer Quarters
Construct Panzergrenadier Kompanie
251 Medium Carrier
Selects 2.5-tonne Cargo Truck
2.5-tonne Cargo Truck
Pak 40 Anti-tank Gun Team
Construct Panzer Kompanie
Panzer IV Medium Tank
Panzer IV Medium Tank
Panzer Officer Quarters
9magicfingers
limbo
二营长的意大利面
Noch
kerem
ShadowStorm
NoX
二百五战术
0
0
Comments
sign in to comment!
No comments posted yet!